 Dungeon Crawl Stone Soup version 0.30-a0-808-g6e0788376e (webtiles) character file.

Game seed: 2401416357199914392

77 cforsyth the Sneak (level 4, 0/28 HPs)
             Began as a Kobold Brigand on Feb 26, 2023.
             Slain by an orc
             ... wielding a +0 hand axe
              (6 damage)
             ... on level 4 of the Dungeon.
             The game lasted 00:02:31 (1891 turns).

cforsyth the Sneak (Kobold Brigand)                 Turns: 1891, Time: 00:02:32

Health: 0/28       AC:  3    Str:  8    XL:     4   Next: 60%
Magic:  4/4        EV: 15    Int: 12    God:
Gold:   173        SH:  0    Dex: 18    Spells: 3/3 levels left

rFire   . . .      SeeInvis .    a - +2 dagger
rCold   . . .      Faith    .    (no shield)
rNeg    . . .      Spirit   .    b - +0 robe
rPois   .          Reflect  .    (no helmet)
rElec   .          Harm     .    c - +0 cloak
rCorr   .          Rampage  .    (no gloves)
Will    .....                    (no boots)
Stlth   ++++                     (no amulet)
HPRegen 0.24/turn                (no ring)
MPRegen 0.09/turn                (no ring)

@: no status effects
A: small, no large weapons, nightstalker 3
a: no special abilities


You were on level 4 of the Dungeon.
You visited 1 branch of the dungeon, and saw 4 of its levels.

You collected 173 gold pieces.

Inventory:

Hand Weapons
 a - a +2 dagger (weapon)
Missiles
 d - 18 poisoned darts (quivered)
 e - 3 curare-tipped darts
Armour
 b - a +0 robe (worn)
 c - a +0 cloak (worn)
Jewellery
 n - an amulet of reflection
 s - a ring of protection from cold
Scrolls
 i - 2 scrolls of identify {unknown}
 j - 2 scrolls of vulnerability {unknown}
 k - a scroll of teleportation {unknown}
 l - a scroll of immolation {unknown}
 o - a scroll of poison {unknown}
 p - a scroll of noise {unknown}
 q - 2 scrolls of amnesia {unknown}
 t - a scroll of blinking {unknown}
 u - a scroll of enchant armour {unknown}
Potions
 f - a potion of brilliance {unknown}
 g - a potion of haste {unknown}
 h - 2 potions of invisibility {unknown}
 m - a potion of heal wounds {unknown}
 r - 2 potions of curing {unknown}
 v - 2 potions of berserk rage {unknown}


   Skills:
 + Level 3.1 Fighting
 + Level 3.7 Short Blades
 - Level 2.1 Throwing
 + Level 2.5 Dodging
 + Level 6.1 Stealth


You had 3 spell levels left.
You didn't know any spells.
Your spell library contained the following spells:

 Spells                   Type           Power      Damage    Failure   Level
 Kiss of Death            Conj/Necr      0%         2d5       32%         1
 Confusing Touch          Hex            0%         N/A       69%         3
 Dispel Undead            Necr           0%         3d6       97%         4


Dungeon Overview and Level Annotations

Branches:
Dungeon (4/15)
 Temple: D:4-7

Altars:

Shops:
D:3 ?

Annotations:
D:3 Terence


Innate Abilities, Weirdness & Mutations

You are small and have problems with some larger weapons.
You are completely attuned to the shadows.


Message History

2 orcs come into view.
The orc shouts!
You hear a shout!
The orc shouts!
An orc comes into view. It is wielding a +0 club.
The orc moves out of view.
You hear a shout!
The orc hits you with a +0 hand axe.
The orc throws a boomerang.
The boomerang misses you.
The orc priest shouts!
You hit the orc.
The orc is lightly wounded.
The orc hits you with a +0 hand axe.
You hit the orc priest.
The orc priest is moderately wounded.
The orc misses you.
You closely miss the orc priest.
The orc priest is moderately wounded.
The orc hits you with a +0 hand axe! The orc closely misses you.
The orc priest hits you with a +0 hand axe.
The orc hits you with a +0 club. The orc barely misses you.
You are too injured to fight recklessly!
You are too injured to fight recklessly!
You are too injured to fight recklessly!
You are too injured to fight recklessly!
The orc attacks as you move away! The orc barely misses you.
The orc attacks as you move away! The orc hits you but does no damage.
The orc throws a boomerang.
The boomerang barely misses you. The orc priest completely misses you.
The orc throws a boomerang.
The boomerang hits you. The orc attacks as you move away!
The orc hits you with a +0 hand axe.
* * * LOW HITPOINT WARNING * * *
You see here an adder corpse.
The orc priest begins to cast a cantrip, but forgets the words!
The orc attacks as you move away! The orc misses you.
The orc priest calls down the wrath of Beogh upon you.
Pain shoots through your body!
* * * LOW HITPOINT WARNING * * *
The orc attacks as you move away! The orc barely misses you.
There is a stone staircase leading up here.
The orc hits you with a +0 hand axe.
You die...

##########
.........##
.......†..##
....@o.....#
...........# #######
........o..# #......
........o..# #......
...........####.o....
.........†.#......
......##[.........
########.o#$.....
##......##


You could see an orc priest and 2 orcs.

Vanquished Creatures
  3 adders
  A worm (D:2)
  A dart slug (D:3)
  5 ball pythons
  6 bats
  2 endoplasms (D:2)
  3 giant cockroaches
  2 goblins
  4 hobgoblins
  2 jackals (D:2)
  6 kobolds
  3 quokkas
  2 frilled lizards (D:1)
  5 rats
45 creatures vanquished.

Notes
Turn   | Place    | Note
-------+----------+-------------------------------------------
     0 | D:1      | cforsyth the Kobold Brigand began the quest for the Orb.
     0 | D:1      | Reached XP level 1. HP: 12/12 MP: 1/1
   216 | D:1      | Reached XP level 2. HP: 13/18 MP: 2/2
   737 | D:2      | Reached XP level 3. HP: 22/22 MP: 3/3
  1210 | D:2      | Reached XP level 4. HP: 27/27 MP: 4/4
  1561 | D:3      | Reached skill level 6 in Stealth
  1598 | D:3      | Found a faded altar of an unknown god.
  1622 | D:3      | Noticed Terence
  1773 | D:3      | Found Mollide's Magic Scroll Shop.
  1891 | D:4      | Slain by an orc

Illustrated notes

Levels and vault maps discovered:
D:1:      saegor_arrival_simple_a, layout_loops_ring, minmay_ruptured
D:2:      minmay_chambers_of_ones, layout_basic
D:3:      layout_basic, serial_shops, nicolae_shop_trees,
          dreamdust_ecumenical_altar_statues, uniq_terence
D:4:      layout_rooms, uniq_edmund, uniq_pikel

Skill      XL: |  1  2  3  4 |
---------------+-------------+-----
Short Blades   | 3 |  3.7
Dodging        | 2 |  2.5
Stealth        | 6 |  6.1
Fighting       | 3 |  3.1
Throwing       | |  2.1

Action                     |  1- 3 |  4- 6 || total
---------------------------+-------+-------++-------
  Melee: Dagger            |    76 |    13 ||    89
   Stab: Sleeping          |    24 |     6 ||    30
 Armour: Robe              |    18 |     2 ||    20
  Dodge: Dodged            |    36 |    13 ||    49

Table legend: (Time is in decaauts)
 A = Elapsed time spent in this place.
 B = Non-inter-level travel time spent in this place.
 C = Inter-level travel time spent in this place.
 D = Time resting spent in this place.
 E = Time spent auto-exploring this place.
 F = Levels seen in this place.
 G = Mean time per level.
                   A        B        C        D        E       F      G
               +--------+--------+--------+--------+--------+-----+--------+
         Total |   1876 |   1795 |     81 |      0 |   1420 |   4 |  469.0 |
       Dungeon |   1876 |   1795 |     81 |      0 |   1420 |   4 |  469.0 |
               +--------+--------+--------+--------+--------+-----+--------+

Top non-repeatable levels by time:
     D:2: 753 daAuts
     D:1: 705 daAuts
     D:3: 380 daAuts
     D:4: 37 daAuts
